 Dungeon Crawl Stone Soup version 0.30-a0-913-g9934a0ce24 (webtiles) character file.

Game seed: 17729226034073070621

89 jasper the Trooper (level 4, -6/39 HPs)
             Began as a Demonspawn Wanderer on Mar 19, 2023.
             Was an Initiate of Cheibriados.
             Mangled by a gnoll
             ... wielding a +0 spear
              (8 damage)
             ... on level 4 of the Dungeon.
             The game lasted 00:07:25 (2531 turns).

jasper the Trooper (Demonspawn Wanderer)            Turns: 2531, Time: 00:07:25

Health: -6/39      AC:  4    Str: 17    XL:     4   Next: 31%
Magic:  4/4        EV: 11    Int: 13    God:    Cheibriados [......]
Gold:   29         SH:  4    Dex: 15    Spells: 0/3 levels left

rFire   . . .      SeeInvis .    f - +1 short sword (venom)
rCold   . . .      Faith    .    (no shield)
rNeg    . . .      Spirit   .    l - +0 leather armour
rPois   .          Reflect  .    k - +1 hat
rElec   .          Rampage  .    (no cloak)
rCorr   .                        (no gloves)
Will    .....                    (no boots)
Stlth   +                        (no amulet)
HPRegen 0.26/turn                (no ring)
MPRegen 0.18/turn                (no ring)

@: very slow
A: magic regeneration, big brain 1, condensation shield
a: Renounce Religion


You were on level 4 of the Dungeon.
You worshipped Cheibriados.
Cheibriados was noncommittal.
You visited 2 branches of the dungeon, and saw 5 of its levels.

You collected 146 gold pieces.
You spent 117 gold pieces at shops.

Inventory:

Hand Weapons
 a - a +1 falchion of draining
 e - a +0 hand axe
 f - a +1 short sword of venom (weapon)
Missiles
 d - 21 poisoned darts
 h - 22 stones
Armour
 b - a +0 chain mail
 k - a +1 hat (worn)
 l - a +0 leather armour (worn)
Scrolls
 o - a scroll of teleportation
Potions
 c - 3 potions of haste
 g - a potion of cancellation
 i - a potion of degeneration
 j - a potion of magic
 p - a potion of mutation


   Skills:
 - Level 5.2 Fighting
 - Level 1.0 Long Blades
 - Level 2.6 Axes
 - Level 3.0 Armour
 - Level 1.0 Dodging
 + Level 0.3 Spellcasting
 + Level 0.3 Conjurations
 - Level 0.2 Air Magic
 - Level 0.1 Poison Magic


You couldn't memorise any spells.
You knew the following spells:

 Your Spells              Type           Power      Damage    Failure   Level
a - Poisonous Vapours     Pois/Air       0%         N/A       45%         2
b - Magic Dart            Conj           4%         1d3       30%         1

Your spell library contained the following spells:

 Spells                   Type           Power      Damage    Failure   Level
 Searing Ray              Conj           2%         2d4       43%         2
 Cigotuvi's Dreadful Rot  Necr/Pois/Air  0%         N/A       45%         2
 Mephitic Cloud           Conj/Pois/Air  0%         N/A       67%         3
 Inner Flame              Hex/Fire       0%         N/A       71%         3
 Fulminant Prism          Conj/Hex       0%         3d5       97%         4
 Cause Fear               Hex            0%         N/A       98%         4
 Discord                  Hex            0%         N/A       100%        8


Dungeon Overview and Level Annotations

Branches:
Dungeon (4/15)             Temple (1/1) D:4

Altars:
Ashenzari
Cheibriados
Dithmenos
Fedhas
Hepliaklqana
Nemelex Xobeh
Okawaru
Qazlal
Ru
Sif Muna
Trog
Uskayaw
Wu Jian

Shops:
D:4 *

Annotations:
D:3 1 runed translucent door, Crazy Yiuf, Sigmund


Innate Abilities, Weirdness & Mutations

You regenerate magic rapidly.
You have an unusually large brain. (Int +2)
A meltable shield of frost defends you. (SH +4)


Message History

Your magical contamination has completely faded away.
You hit the gnoll.
You kill the gnoll!
Cheibriados appreciates the change of pace.
The gnoll hits you with a +0 club. The gnoll barely misses you.
Things that are here:
a +0 club; a scroll labelled RINKOASMU; a gnoll corpse You take 2 damage, and have 32/39 hp.
The gnoll hits you with a +0 spear. The gnoll hits you with a +0 club.
You take 10 damage, and have 22/39 hp.
MASSIVE DAMAGE!!
You hit the gnoll.
The gnoll is moderately wounded.
You block the gnoll's attack. The gnoll hits you with a +0 spear.
You take 3 damage, and have 19/39 hp.
You hit the gnoll.
The gnoll is poisoned.
The gnoll is heavily wounded.
The gnoll hits you with a +0 club. The gnoll hits you with a +0 spear.
* * * LOW HITPOINT WARNING * * *
You take 9 damage, and have 10/39 hp.
MASSIVE DAMAGE!!
You feel better. The gnoll hits you with a +0 spear.
The gnoll hits you with a +0 club.
You regained 2 hp, and now have 12/39 hp.
The gnoll attacks as you move away! The gnoll hits you with a +0 club.
* * * LOW HITPOINT WARNING * * *
The gnoll hits you with a +0 spear.
* * * LOW HITPOINT WARNING * * *
You take 5 damage, and have 7/39 hp.
You feel better. The gnoll hits you with a +0 spear.
* * * LOW HITPOINT WARNING * * *
The gnoll hits you with a +0 club!
* * * LOW HITPOINT WARNING * * *
You take 3 damage, and have 4/39 hp.
The gnoll attacks as you move away! The gnoll hits you with a +0 spear.
* * * LOW HITPOINT WARNING * * *
The gnoll closely misses you.
You take 3 damage, and have 1/39 hp.
Okay, then.
You block the gnoll's attack.
The gnoll hits you from afar with a +0 spear!
You die...

..## ########.#####.##
..^##.................
#.....######..#####.##
###.# #..##### #
#...#.######......#.#
.............)..#.#.##
..###.######..#.......
.## #.######...##.#[#
.# #.........gg@...#
.# ########...######
<# ##.## .# #.# .# #.#
.# #'# .. ... ## .....
.......


You could see 2 gnolls.

Vanquished Creatures
  A gnoll (D:4)
  4 adders
  2 worms (D:2)
  An orc (D:3)
  6 endoplasms
  2 giant cockroaches
  2 goblins (D:1)
  3 hobgoblins (D:1)
  3 kobolds
  A quokka (D:1)
  4 ball pythons
  2 bats (D:2)
  3 frilled lizards
  4 rats
38 creatures vanquished.

Notes
Turn   | Place    | Note
-------+----------+-------------------------------------------
     0 | D:1      | jasper the Demonspawn Wanderer began the quest for the Orb.
     0 | D:1      | jasper set off with the following items: a +1 falchion, a
                  | +0 chain mail, a potion of haste.
     0 | D:1      | Reached XP level 1. HP: 21/21 MP: 1/1
    93 | D:1      | Reached skill level 1 in Axes
   263 | D:1      | Gained mutation: You regenerate magic rapidly. [demonic
                  | ancestry]
   263 | D:1      | Reached XP level 2. HP: 27/27 MP: 2/2
   892 | D:2      | Gained mutation: A meltable shield of frost defends you.
                  | (SH +4) [demonic ancestry]
   892 | D:2      | Reached XP level 3. HP: 28/33 MP: 3/3
  1443 | D:2      | Gained mutation: You have an unusually large brain. (Int
                  | +2) [demonic ancestry]
  1443 | D:2      | Reached XP level 4. HP: 39/39 MP: 4/4
  1742 | D:1      | Learned a level 2 spell: Poisonous Vapours
  1819 | D:3      | Found a faded altar of an unknown god.
  1947 | D:3      | Found a runed translucent door.
  1948 | D:3      | Noticed Crazy Yiuf
  2053 | D:3      | Noticed Sigmund
  2073 | D:4      | Found a staircase to the Ecumenical Temple.
  2086 | Temple   | Entered the Ecumenical Temple
  2286 | Temple   | Became a worshipper of Cheibriados the Contemplative
  2297 | Temple   | Learned a level 1 spell: Magic Dart
  2360 | D:4      | Found Toefel Rire's General Store.
  2363 | D:4      | Bought 2 potions of curing for 78 gold pieces
  2363 | D:4      | Bought a scroll of teleportation for 39 gold pieces
  2430 | D:4      | Found a shadowy altar of Dithmenos.
  2530 | D:4      | HP: 1/39 [gnoll/+0 spear (3)]
  2531 | D:4      | Mangled by a gnoll

Illustrated notes

Levels and vault maps discovered:
D:1:      psy_arrival_radial02, layout_basic
D:2:      layout_basic
D:3:      layout_basic, shapermc_ecumenical_altar_totnotflames,
          uniq_crazy_yiuf_cottage, uniq_sigmund
D:4:      layout_loops_corners, nicolae_overflow_hidden_temple,
          minmay_temple_entry_tees, serial_shops, nicolae_shop_stone,
          nicolae_shop_behind_doors, shop, kennysheep_flooded_box,
          hangedman_minor_gate_pass, uniq_duvessa, uniq_grinder,
          uniq_blork_the_orc
Temple:   nicolae_temple_figure_eight

Skill      XL: |  1  2  3 |
---------------+----------+-----
Axes           | 1 2 |  2.6
Armour         | 3 |  3.0
Fighting       | |  5.2
Long Blades    | |  1.0
Dodging        | |  1.0
Spellcasting   | |  0.3
Conjurations   | |  0.3
Air Magic      | |  0.2
Poison Magic   | |  0.1

Action                     |  1- 3 |  4- 6 || total
---------------------------+-------+-------++-------
  Melee: Falchion          |    28 |       ||    28
         Short sword       |    94 |    13 ||   107
         Punch             |     2 |       ||     2
    Use: Scroll            |     1 |     9 ||    10
         Potion            |     1 |     2 ||     3
 Armour: Chain mail        |    55 |     2 ||    57
         Leather armour    |       |     1 ||     1
  Dodge: Dodged            |    29 |     6 ||    35
  Block: Other             |     7 |     4 ||    11

Table legend: (Time is in decaauts)
 A = Elapsed time spent in this place.
 B = Non-inter-level travel time spent in this place.
 C = Inter-level travel time spent in this place.
 D = Time resting spent in this place.
 E = Time spent auto-exploring this place.
 F = Levels seen in this place.
 G = Mean time per level.
                   A        B        C        D        E       F      G
               +--------+--------+--------+--------+--------+-----+--------+
         Total |   2598 |   2335 |    263 |    181 |   1289 |   5 |  519.6 |
       Dungeon |   2384 |   2131 |    253 |    181 |   1094 |   4 |  596.0 |
        Temple |    213 |    203 |     10 |      0 |    195 |   1 |  213.0 |
               +--------+--------+--------+--------+--------+-----+--------+

Top non-repeatable levels by time:
     D:1: 1018 daAuts
     D:2: 773 daAuts
     D:4: 304 daAuts
     D:3: 287 daAuts
  Temple: 213 daAuts
